 Dungeon Crawl Stone Soup version 0.30-a0-1114-gd936c97349 (webtiles) character file.

Game seed: 1305021793820055415

1738252 Lobster4 the Sorcerer (level 27, 202/209 HPs)
             Began as a Djinni Fire Elementalist on Apr 18, 2023.
             Was the Champion of Makhleb.
             Escaped with the Orb
             ... and 3 runes on Apr 20, 2023!
             The game lasted 06:32:34 (64754 turns).

Lobster4 the Sorcerer (Djinni Fire Elementalist)   Turns: 64754, Time: 06:32:35

Health: 202/209    AC: 17    Str:  6      XL:     27
Gold:   5716       EV: 29    Int: 29 (30) God:    Makhleb [******] SH: 20 Dex: 23

rFire   + + +      SeeInvis .    a - +8 Vampire's Tooth {megavamp}
rCold   + + .      Faith    .    H - +3 kite shield {reflect}
rNeg    + . .      Spirit   .    p - +1 leather armour of Resourcefulness {rC+ Regen+ Int+2}
rPois   ∞          Reflect  +    f - -2 hat of the Alchemist {rElec rPois rF+ rC+ rN+ Will+ rMut rCorr}
rElec   +          Rampage  .    m - +4 dragonskin cloak
rCorr   +                        O - +2 pair of gloves
rMut    +                        (boots unavailable)
Will    +++..                    u - amulet of regeneration
Stlth   ++                       n - ring of Gicroleo {rC+ AC+4 Str+4}
HPRegen 2.14/turn                k - ring "Cish" {rCorr Str-5 Dex+8 Slay+4}
MPRegen 0.00/turn

@: flying, studying 2 skills
A: sickness immunity, fire resistance 2, cold vulnerability 1, float, innate
caster, HP casting, extra vitality 1, horns 1, weak 1, subdued magic 1
0: Orb of Zot
}: 3/15 runes: decaying, serpentine, silver
a: Renounce Religion, Minor Destruction, Lesser Servant of Makhleb, Major
Destruction, Greater Servant of Makhleb


You escaped.
You worshipped Makhleb.
Makhleb was exalted by your worship.
You visited 12 branches of the dungeon, and saw 52 of its levels.
You also visited: Bailey, Ice Cave and Wizlab.

You collected 8120 gold pieces.
You spent 2404 gold pieces at shops.

Inventory:

Hand Weapons
 a - the +8 Vampire's Tooth (weapon) {megavamp}
   (You found it in a bailey)
 b - the +4 rapier of Ylia {vamp, +Blink}
   (You bought it in a shop on level 2 of the Orcish Mines)

   +Blink:    It lets you blink.
Missiles
 w - 15 curare-tipped darts (quivered)
Armour
 f - the -2 hat of the Alchemist (worn) {rElec rPois rF+ rC+ rN+ Will+ rMut rCorr}
   (You found it in a wizard's laboratory)

   rF:        It protects you from fire.
   rC:        It protects you from cold.
   rElec:     It insulates you from electricity.
   rPois:     It protects you from poison.
   rN:        It protects you from negative energy.
   rCorr:     It protects you from acid and corrosion.
   rMut:      It protects you from mutation.
   Will:      It increases your willpower.
 m - the +4 dragonskin cloak (worn)
   (You took it off Tiamat on level 1 of the Realm of Zot)

   Avatar's Aegis: It grants the wearer a chance to resist fire, cold, poison,
   electricity, acid, and negative energy.
 p - the +1 leather armour of Resourcefulness (worn) {rC+ Regen+ Int+2}
   (You bought it in a shop on level 2 of the Orcish Mines)

   Int:       It affects your intelligence (+2).
   rC:        It protects you from cold.
   Regen:     It increases your rate of health regeneration.
 E - the +0 ring mail "Weberuts" {rF+ rN+++ Int+2 Dex-3}
   (You found it on level 5 of the Vaults)

   Int:       It affects your intelligence (+2).
   Dex:       It affects your dexterity (-3).
   rF:        It protects you from fire.
   rN:        It renders you almost immune to negative energy.
 H - a +3 kite shield of reflection (worn)
 I - a +2 cloak of willpower
 O - a +2 pair of gloves (worn)
Jewellery
 i - a ring of see invisible
 k - the ring "Cish" (right hand) {rCorr Str-5 Dex+8 Slay+4}
   (You found it on level 1 of the Orcish Mines)

   [ring of slaying]

   Str:       It affects your strength (-5).
   Dex:       It affects your dexterity (+8).
   Slay:      It affects your accuracy & damage with ranged weapons and melee
   (+4).
   rCorr:     It protects you from acid and corrosion.
 n - the ring of Gicroleo (left hand) {rC+ AC+4 Str+4}
   (You took it off a centaur warrior on level 12 of the Dungeon)

   [ring of protection]

   AC:        It affects your AC (+4).
   Str:       It affects your strength (+4).
   rC:        It protects you from cold.
 u - an amulet of regeneration (around neck)
 K - an amulet of reflection
 X - the ring of the Crushed Brambles {+Blink rN+ Dex+4}
   (You found it on level 5 of the Vaults)

   [ring of positive energy]

   Dex:       It affects your dexterity (+4).
   rN:        It protects you from negative energy.
   +Blink:    It lets you blink.
Wands
 v - a wand of quicksilver (46)
 y - a wand of flame (148)
 C - a wand of charming (56)
 R - a wand of mindburst (7)
 S - a wand of roots (50)
 W - a wand of digging (10)
Scrolls
 c - a scroll of blinking
 s - 13 scrolls of enchant weapon
 A - 17 scrolls of teleportation
 B - 4 scrolls of immolation
 G - 7 scrolls of silence
 L - 2 scrolls of magic mapping
 N - a scroll of acquirement
 P - 9 scrolls of fog
 Q - 13 scrolls of poison
 V - 12 scrolls of fear
Potions
 d - 8 potions of invisibility
 e - 2 potions of heal wounds
 g - 23 potions of curing
 h - 4 potions of ambrosia
 l - a potion of cancellation
 q - 13 potions of lignification
 t - 3 potions of resistance
 x - 6 potions of berserk rage
 z - 11 potions of brilliance
 F - 16 potions of might
 M - 25 potions of mutation
Miscellaneous
 r - a phial of floods (inert)
 J - a lightning rod (4/4)
 T - a tin of tremorstones (2/2)
 U - a phantom mirror
 Z - a box of beasts


   Skills:
 + Level 21.2 Fighting
 - Level 12.0 Short Blades
 - Level 5.0 Ranged Weapons
 - Level 3.0 Throwing
 - Level 16.0 Armour
 + Level 23.0 Dodging
 - Level 7.0 Stealth
 - Level 19.0 Shields
 * Level 23.1 Spellcasting
 - Level 11.0 Invocations
 - Level 8.0 Evocations


You knew the following spells:

 Your Spells              Type           Power      Damage    Failure   Level
a - Foxfire               Conj/Fire      100%       2x1d9     0%          1
b - Scorch                Fire           100%       2d9       0%          2
c - Frozen Ramparts       Ice            100%       1d16      0%          3
d - Orb of Destruction    Conj           46%        9d12      1%          7
e - Momentum Strike       Conj/Tloc      100%       3d10      0%          2
f - Iskenderun's Mystic   Conj/Tloc      92%        2d18      0%          4
g - Simulacrum            Ice/Necr       46%        N/A       0%          6
h - Agony                 Necr           92%        N/A       0%          5
i - Haunt                 Necr/Summ      46%        N/A       1%          7
j - Silence               Hex/Air        46%        N/A       0%          5
k - Apportation           Tloc           100%       N/A       0%          1
l - Borgnjor's Revivific  Necr           46%        N/A       1%          8
m - Fire Storm            Conj/Fire      46%        8d12      12%         9
n - Death's Door          Necr           46%        N/A       12%         9
o - Inner Flame           Hex/Fire       92%        N/A       0%          3
s - Storm Form            Tmut/Air       46%        N/A       1%          7
v - Volatile Blastmotes   Fire/Tloc      100%       2d18      0%          3
w - Flame Wave            Conj/Fire      92%        2d19      0%          4
Your spell library was empty.

Dungeon Overview and Level Annotations

Branches:
Dungeon (15/15)            Temple (1/1) D:4            Lair (5/5) D:10
  Swamp (4/4) Lair:2        Snake (4/4) Lair:2        Slime (0/5) Lair:5
    Orc (2/2) D:9             Elf (3/3) Orc:2        Vaults (5/5) D:14
  Crypt (3/3) Vaults:2       Tomb (1/3) Crypt:3      Depths (4/4) D:15
    Zot (5/5) Depths:4     Bailey (visited)           IceCv (visited)
 WizLab (visited)

Altars:
Ashenzari
Cheibriados
Dithmenos
Elyvilon
Fedhas
Gozag
Hepliaklqana
Makhleb
Nemelex Xobeh
Okawaru
Qazlal
Ru
Trog
Uskayaw
Wu Jian
Xom
Yredelemnul
Zin
The Shining One
Jiyva

Shops:
D:6 !*=![   D:8 :*   D:13 (   D:15 *   Orc:2 ([([   Elf:2 (   Elf:3 (
Snake:3 ?   Vaults:1 ?   Vaults:2 ?   Vaults:4 :   Depths:4 *

Portals:
Hell: Lair:5 Depths:1 Depths:2 Depths:3 Depths:4
Abyss: Depths:2 Depths:3 Depths:4
Pandemonium: Depths:2
Ziggurat: Depths:2

Annotations:
Swamp:2 Mlioglotl
Elf:2 3 runed translucent doors


Innate Abilities, Weirdness & Mutations

You are immune to sickness and miasma.
You are immune to poison.
Your flesh is very heat resistant. (rF++)
You are vulnerable to cold. (rC-)
You float through the air rather than walking.
You learn spells naturally, not from books.
Your magical power is your life essence.
You have superior vitality. (+4 MHP)
You have a pair of small horns on your head.
You are weak. (Str -2)
Your spells are a little easier to cast, but a little less powerful.


Message History

Aiming: Orb of Destruction (mildly dangerous; 1% risk of failure)
Press: ? - help, Shift-Dir - straight line, f/p - red devil
Aim: a red devil, wielding a +0 trident (severely wounded)
The red devil misses you.
Your orb of destruction hits a rock wall.
Casting: Orb of Destruction (mildly dangerous; 1% risk of failure)
Confirm with . or Enter, or press ? or * to list all spells.
Aiming: Orb of Destruction (mildly dangerous; 1% risk of failure)
Press: ? - help, Shift-Dir - straight line, f/p - red devil
Aim: a red devil, wielding a +0 trident (severely wounded)
Your orb of destruction hits a rock wall.
You block the red devil's attack.
Casting: Orb of Destruction (mildly dangerous; 1% risk of failure)
Confirm with . or Enter, or press ? or * to list all spells.
Aiming: Orb of Destruction (mildly dangerous; 1% risk of failure)
Press: ? - help, Shift-Dir - straight line, f/p - red devil
Aim: a red devil, wielding a +0 trident (severely wounded)
Your orb of destruction hits a rock wall.
You block the red devil's attack.
The barbed spikes dig painfully into your body as you move.
Casting: Orb of Destruction (mildly dangerous; 1% risk of failure)
Confirm with . or Enter, or press ? or * to list all spells.
Aiming: Orb of Destruction (mildly dangerous; 1% risk of failure)
Press: ? - help, Shift-Dir - straight line, f/p - red devil
Aim: a red devil, wielding a +0 trident (severely wounded)
You block the red devil's attack.
The wavering orb of destruction hits the red devil!!!
You blow up the red devil!
Makhleb accepts your kill.
You feel better.
Your life force feels restored.
Aiming: Dig
Press: ? - help, Shift-Dir - straight line A rock wall.
This square is covered in magical glow.
The rock shatters into small pieces.
You carefully extract the barbed spikes from your body.
There is an open door here.
There is a staircase leading out of the dungeon here.
You have escaped!

########### ##.........##
#..♣..@..♣..# ##.........##
##### #####'##### #####
##...######...######...##
#.......................# ###
#..⌠........⌠........⌠..###..
#.......................#.#.#
##...######...######...##....
##'## #.>## ##'###....


There were no monsters in sight!

Vanquished Creatures
  Tiamat (Zot:1)
  A dread lich (Zot:5)
  4 orbs of fire
  Josephina (Vaults:2)
  3 Killer Klowns (Zot:5)
  Vashnia (Snake:2)
  3 golden dragons
  A curse toe (Zot:5)
  Nikola (Depths:1)
  A mutant beast (WizLab)
  A Tzitzimitl (D:1)
  7 tentacled monstrosities
  An electric golem (Zot:5)
  Jorgrun (Snake:1)
  A spectral shard shrike (Crypt:3)
  2 liches (Crypt:3)
  2 quicksilver dragons
  4 Orb Guardians
  A deep elf blademaster (Elf:3)
  An Executioner (D:15)
  2 ancient champions
  4 acid blobs
  4 death cobs
  5 sphinxes
  Gastronok (D:12)
  2 shadow dragons (Zot:2)
  Kirke (Snake:1)
  Agnes (Elf:1)
  The ghost of Epnykkedd the Fighter, an adept OpVM of Vehumet (Snake:3)
  6 draconian monks
  A fenstrider witch (Swamp:1)
  7 storm dragons
  The ghost of lesbiats the Brawler, a journeyman TrFi of Wu Jian (Snake:1)
  2 tengu reavers
  5 nagarajas
  7 draconian knights
  3 revenants (Crypt:3)
  3 fire giants
  5 deep elf sorcerers
  4 frost giants
  5 ironbound preservers
  3 ghost moths
  4 deep elf elementalists (Elf:3)
  2 draconian shifters
  A spectral juggernaut (Crypt:3)
  6 vault wardens
  4 curse skulls
  A draconian scorcher (Zot:4)
  A juggernaut zombie (Crypt:3)
  A spriggan defender (Depths:4)
  11 ghouls
  5 draconian annihilators
  A reaper (Depths:1)
  3 orc warlords
  2 cacodemons
  A juggernaut skeleton (Crypt:1)
  3 stone giants
  7 ironbound thunderhulks
  An eleionoma (Swamp:1)
  7 very ugly things
  3 vampire knights
  3 deep elf demonologists
  7 dire elephants
  A black draconian (Zot:3)
  3 red draconians (Zot:2)
  2 bennus (Tomb:1)
  2 deep elf annihilators
  3 green draconians (Zot:1)
  A spectral titan (Crypt:3)
  A bunyip (Swamp:2)
  The ghost of Piadonn the Severer, a journeyman MiBe of Trog (Orc:1)
  2 yellow draconians (Zot:4)
  5 white draconians
  2 purple draconians
  4 deep elf death magi
  2 eidola
  4 ettins
  2 crystal guardians
  A green death (Depths:4)
  10 jiangshi
  3 fire dragons
  2 quicksilver dragon zombies (Crypt:3)
  8 mummy priests
  A spectral iron giant (Crypt:3)
  2 great orbs of eyes
  2 rakshasas
  3 ice dragons (Depths:3)
  3 yaktaur captains
  A catoblepas (D:15)
  3 peacekeepers
  A caustic shrike simulacrum (Crypt:3)
  30 vault guards
  7 hydras
  4 ironbound frosthearts
  2 spriggan air magi (Depths:4)
  5 anacondas
  3 salamander tyrants
  A death knight (Crypt:1)
  11 centaur warriors
  2 fenstrider witch skeletons (Crypt:1)
  2 ghost crabs (Swamp:2)
  7 dancing weapons
  A spriggan skeleton (Crypt:1)
  6 vampire magi
  12 death scarabs (Tomb:1)
  A spectral stone giant (Crypt:3)
  3 deep troll earth magi
  2 alligators (Swamp:1)
  5 two-headed ogres
  12 death yaks
  6 boulder beetles
  6 hell hogs
  6 naga warriors
  2 tengu warriors
  4 deep troll shamans
  A thrashing horror (Swamp:4)
  An orc high priest (Orc:2)
  2 spriggan berserkers
  A shock serpent (shapeshifter) (Vaults:2)
  8 naga sharpshooters
  4 hell knights
  7 deep elf knights
  7 shock serpents
  2 soul eaters
  9 shadow wraiths (Crypt:3)
  An iron troll (Depths:4)
  3 salamander mystics
  4 sixfirhies
  A spectral anaconda (Crypt:3)
  An anaconda zombie (Crypt:2)
  A spectral bunyip (Crypt:3)
  A swamp dragon (Swamp:4)
  4 skysharks
  4 glowing orange brains
  A spriggan simulacrum (Crypt:1)
  6 flayed ghosts
  20 skeletal warriors
  2 naga ritualists
  15 deep trolls
  6 bog bodies
  7 spriggan druids
  A harpy (shapeshifter) (WizLab)
  4 deep elf archers (Elf:2)
  10 necromancers
  26 phantasmal warriors
  A tengu zombie (Vaults:4)
  3 harpies (Vaults:2)
  10 ironbound convokers
  13 deep elf pyromancers
  2 lindwurms (Vaults:1)
  4 wizards
  5 orc knights
  2 mana vipers (Snake:1)
  2 will-o-the-wisps
  10 deep elf zephyrmancers
  2 manticores (D:13)
  11 salamanders
  14 ugly things
  9 moths of wrath
  5 cyclopes
  2 orc sorcerers (Orc:2)
  Maurice (D:8)
  18 black mambas
  8 elephants (Lair:5)
  2 smoke demons (Depths:1)
  4 guardian serpents
  A centaur skeleton (Tomb:1)
  3 gargoyles
  3 vault sentinels
  9 naga magi
  A torpor snail (Lair:2)
  7 orange demons
  A nameless horror (Elf:3)
  A catoblepas zombie (Crypt:2)
  2 kobold demonologists
  4 rime drakes (Lair:5)
  4 unseen horrors
  A swamp worm zombie (Crypt:1)
  11 cane toads
  A dire elephant skeleton (Tomb:1)
  3 efreet
  3 ice devils
  10 komodo dragons
  11 freezing wraiths
  A spectral mana viper (Snake:3)
  An anaconda simulacrum (Crypt:1)
  A green draconian skeleton (Crypt:1)
  15 yaktaurs
  A polar bear (Lair:2)
  2 tengu conjurers
  A troll (shapeshifter) (WizLab)
  A spectral guardian serpent (Snake:3)
  2 red devils
  11 hornets
  14 guardian mummies
  6 trolls
  Grinder (D:3)
  A hellwing (Lair:5)
  2 death drake zombies (Crypt:2)
  A shadow dragon simulacrum (Crypt:1)
  2 tyrant leeches
  A harpy skeleton (Crypt:1)
  4 blink frogs (Lair:5)
  13 dream sheep
  15 slime creatures
  3 air elementals
  2 spectral black mambas (Snake:3)
  27 flying skulls
  A centaur simulacrum (D:15)
  A shock serpent simulacrum (Snake:3)
  8 spriggans
  A fire dragon skeleton (Crypt:3)
  2 vampires
  19 shadows
  7 wyverns
  An ice dragon skeleton (Crypt:2)
  A black mamba zombie (Crypt:1)
  9 fire elementals
  3 large abominations
  2 ushabtiu (Tomb:1)
  A neqoxec (D:3)
  7 water elementals
  7 wraiths
  24 yaks
  A slime creature zombie (Crypt:1)
  5 basilisks
  A human (shapeshifter) (Elf:2)
  15 humans (D:14)
  A steam dragon (Lair:3)
  5 vampire mosquitoes
  5 chaos spawn (Depths:3)
  A glowing shapeshifter zombie (Crypt:3)
  A naga zombie (Crypt:3)
  A warg (Orc:2)
  A harpy simulacrum (Crypt:1)
  32 nagas
  10 swamp worms
  An acid dragon (D:10)
  A mana viper simulacrum (Snake:3)
  5 hell hounds (Lair:5)
  30 water moccasins
  A floating eye (shapeshifter) (D:12)
  47 orc warriors
  2 swamp drakes
  A sky beast (D:7)
  A meliai simulacrum (D:15)
  2 black bears (D:10)
  An ice beast (D:5)
  A black mamba simulacrum (Snake:3)
  A hog zombie (Crypt:3)
  19 wolves
  The ghost of qeuew the Slasher, an amateur BaGl (D:3)
  7 centaurs
  A blink frog skeleton (Crypt:3)
  3 ogres
  A phantom (D:6)
  2 kobold brigands
  A rime drake skeleton (Crypt:3)
  A hog skeleton (Crypt:2)
  15 bullfrogs
  A draconian zombie (Crypt:3)
  2 earth elementals
  4 necrophages
  A water moccasin zombie (Crypt:3)
  4 scorpions
  A cane toad simulacrum (IceCv)
  An elephant simulacrum (IceCv)
  12 killer bees
  A raiju skeleton (Crypt:1)
  3 electric eels
  2 howler monkeys
  2 gnoll boudas
  16 orc priests
  4 hounds (D:6)
  A human zombie (Crypt:1)
  3 jellies (Zot:4)
  8 small abominations
  A black bear zombie (Crypt:2)
  A boggart zombie (Crypt:1)
  23 orc wizards
  2 polar bear simulacra (IceCv)
  An acid dragon skeleton (Crypt:1)
  7 mummies (Tomb:1)
  19 gnolls
  4 naga simulacra
  27 adders
  4 white imps
  2 ufetubi
  A worm (D:5)
  A dart slug (D:5)
  83 orcs
  5 ball pythons
  6 endoplasms
  3 giant cockroaches
  3 hobgoblins
  14 kobolds
  8 quokkas
  A bat (D:3)
  2 frilled lizards
  A gnoll skeleton (Crypt:2)
  13 goblins
  A goblin skeleton (Crypt:3)
  2 rats (D:2)
  A butterfly (D:4)
1512 creatures vanquished.

Vanquished Creatures (collateral kills)
  2 orbs of fire (Zot:5)
  2 ancient liches (Zot:5)
  4 Killer Klowns (Zot:5)
  5 golden dragons
  An electric golem (Zot:5)
  24 Orb Guardians (Zot:5)
  8 tentacled monstrosities
  3 liches
  2 quicksilver dragons
  2 titans
  4 death cobs
  2 deep elf master archers (Elf:3)
  A deep elf blademaster (Elf:3)
  2 acid blobs (Zot:4)
  An ancient champion (Vaults:2)
  6 shadow dragons
  7 sphinxes
  The ghost of Kacaoki the Warrior, an adept MiBe of Trog (Swamp:4)
  Donald (Crypt:2)
  6 tengu reavers
  12 storm dragons
  6 draconian monks
  3 nagarajas (Snake:4)
  3 draconian knights
  2 frost giants (Depths:3)
  3 deep elf sorcerers
  9 fire giants
  10 vault wardens
  Louise (Depths:2)
  6 draconian shifters
  A draconian scorcher (Zot:3)
  Aizul (Snake:4)
  2 ghouls
  5 draconian annihilators
  11 very ugly things
  12 ironbound preservers
  2 spriggan defenders (Depths:3)
  10 stone giants
  3 war gargoyles
  3 ironbound thunderhulks
  5 green draconians
  8 black draconians
  2 vampire knights
  17 red draconians
  7 purple draconians
  7 white draconians
  5 deep elf annihilators
  3 deep elf demonologists (Elf:3)
  8 dire elephants
  The ghost of Piadonn the Severer, a journeyman MiBe of Trog (Orc:1)
  4 eleionomae
  13 yellow draconians
  2 bunyips
  A deep elf death mage (Elf:3)
  An eidolon (Vaults:2)
  A spark wasp (Depths:3)
  A crystal guardian (Vaults:2)
  5 fire dragons
  2 green deaths (Swamp:4)
  6 ettins
  A mummy priest (Tomb:1)
  A jiangshi (Vaults:2)
  7 deep elf high priests
  4 great orbs of eyes
  An entropy weaver (shapeshifter) (WizLab)
  8 yaktaur captains
  4 ice dragons
  5 vault guards
  A rakshasa (Depths:2)
  A hell beast (Swamp:4)
  The ghost of Runaock the Devastator, a journeyman DECj of Sif Muna (Orc:1)
  2 salamander tyrants
  A peacekeeper (Vaults:3)
  3 ghost crabs
  2 hydras (Swamp:4)
  3 centaur warriors
  A spriggan air mage (Swamp:4)
  An anaconda (shapeshifter) (WizLab)
  3 ironbound frosthearts
  5 alligators
  2 boulder beetles
  A radroach (shapeshifter) (Depths:4)
  11 dancing weapons
  2 ogre magi
  2 anacondas
  A boulder beetle (shapeshifter) (Vaults:5)
  5 naga warriors
  4 deep troll shamans
  5 deep troll earth magi
  A hell hog (Depths:4)
  The ghost of AwFulAwFulPlayer the Cleaver, a novice DsCK of Xom (D:8)
  2 vampire magi
  5 naga sharpshooters
  6 spriggan berserkers
  11 hell knights
  A shock serpent (Snake:4)
  3 deep elf knights
  A soul eater (Depths:1)
  3 sun demons (Depths:1)
  5 salamander mystics
  6 iron trolls
  2 skeletal warriors
  4 spriggan riders
  A spriggan druid (Swamp:3)
  2 orb spiders (shapeshifter)
  44 deep trolls
  2 deep elf archers
  3 goliath frogs
  7 bog bodies
  A glowing orange brain (Vaults:3)
  8 ironbound convokers
  8 naga ritualists
  A harpy (shapeshifter) (WizLab)
  3 lindwurms
  4 wizards
  2 harpies (Vaults:2)
  7 swamp dragons
  5 necromancers
  3 phantasmal warriors
  25 ugly things
  2 mana vipers
  8 deep elf zephyrmancers
  2 orc knights
  3 deep elf pyromancers (Elf:2)
  A wolf spider (Vaults:5)
  4 salamanders
  6 oklob plants (Zot:4)
  2 will-o-the-wisps (Swamp:2)
  3 guardian serpents (shapeshifter)
  3 salamanders (shapeshifter) (WizLab)
  14 black mambas
  6 moths of wrath
  2 guardian serpents
  A smoke demon (Depths:1)
  8 vault sentinels
  3 naga magi (Snake:4)
  A cane toad (shapeshifter) (WizLab)
  5 yaktaurs
  An orange demon (Swamp:4)
  2 rime drakes (shapeshifter) (WizLab)
  3 human zombies (Vaults:4)
  3 freezing wraiths
  An efreet (Zot:2)
  A bloated husk (Swamp:1)
  A guardian mummy (Tomb:1)
  A meliai (shapeshifter) (WizLab)
  A polar bear (shapeshifter) (WizLab)
  3 tyrant leeches
  A hornet (shapeshifter) (WizLab)
  7 hornets
  A wind drake (shapeshifter) (WizLab)
  2 flying skulls
  38 slime creatures
  3 culicivoras (shapeshifter)
  An air elemental (Elf:1)
  11 spriggans
  2 spriggans (shapeshifter) (WizLab)
  2 shadows
  8 water elementals
  2 humans (shapeshifter)
  A hog (Snake:1)
  11 fire elementals
  A golden eye (shapeshifter) (WizLab)
  A basilisk (shapeshifter) (WizLab)
  An iron golem (WizLab)
  6 swamp worms
  25 nagas
  7 large abominations
  5 floating eyes
  3 orc warriors (Vaults:5)
  A black bear (shapeshifter) (WizLab)
  2 ogres
  2 earth elementals
  3 small abominations (WizLab)
  18 jellies (Zot:4)
  2 orcs (Orc:2)
  19 foxfires
830 creatures vanquished.

Vanquished Creatures (others)
  A dread lich (Zot:5)
  A storm dragon (Depths:3)
  A nagaraja (Snake:4)
  A yellow draconian (Zot:4)
  A deep elf demonologist (Elf:3)
  A white draconian (Zot:5)
  A deep elf high priest (Vaults:5)
  A dancing weapon (Elf:2)
  A naga warrior (Snake:4)
  A deep elf knight (Elf:2)
  A yaktaur (Vaults:4)
  5 bloated husks
  A water elemental (Elf:2)
  A spriggan (Swamp:4)
  A human (Snake:1)
  A naga (Snake:4)
  A jelly (Zot:4)
  8 fire vortices
  2582 foxfires
  26 fungi
  64 plants
  7 withered plants
2708 creatures vanquished.

Grand Total: 5050 creatures vanquished

Notes
Turn   | Place    | Note
-------+----------+-------------------------------------------
     0 | D:1      | Lobster4 the Djinni Fire Elementalist began the quest for
                  | the Orb.
     0 | D:1      | Lobster4 set off with the following spells memorised:
                  | Foxfire, Scorch, Volatile Blastmotes, Inner Flame, Flame
                  | Wave.
     0 | D:1      | Reached XP level 1. HP: 15/15 MP: 0/0
   543 | D:1      | Reached XP level 2. HP: 21/21 MP: 0/0
   905 | D:2      | Reached XP level 3. HP: 24/26 MP: 0/0
   905 | D:2      | Learned a level 1 spell: Apportation
  1061 | D:2      | Reached skill level 1 in Fighting
  1309 | D:2      | Reached XP level 4. HP: 28/32 MP: 0/0
  1370 | D:3      | Found a transporter.
  1371 | D:3      | Found a transporter.
  1371 | D:3      | Noticed qeuew's ghost (amateur BaGl)
  1416 | D:3      | Reached skill level 1 in Armour
  1442 | D:3      | Noticed Grinder
  1448 | D:3      | Paralysed by Grinder for 2 turns
  1709 | D:3      | Reached skill level 1 in Short Blades
  2042 | D:3      | Reached skill level 1 in Throwing
  2046 | D:3      | Reached XP level 5. HP: 29/37 MP: 0/0
  2046 | D:3      | Learned a level 2 spell: Momentum Strike
  2239 | D:3      | Killed Grinder
  2240 | D:3      | Reached skill level 1 in Evocations
  2240 | D:3      | Reached XP level 6. HP: 32/43 MP: 0/0
  2397 | D:3      | Reached XP level 7. HP: 44/49 MP: 0/0
  2397 | D:3      | Learned a level 3 spell: Frozen Ramparts
  2636 | D:4      | Found a staircase to the Ecumenical Temple.
  2645 | Temple   | Entered the Ecumenical Temple
  2666 | Temple   | Became a worshipper of Makhleb the Destroyer
  3171 | D:4      | Found an ornate altar of the Wu Jian Council.
  3202 | D:4      | Found a shimmering altar of Xom.
  3203 | D:4      | Found a hazy altar of Hepliaklqana.
  3204 | D:4      | Noticed a spectral ugly thing
  3387 | D:5      | Entered Level 5 of the Dungeon
  3730 | D:5      | Reached * piety under Makhleb
  3808 | D:5      | Reached XP level 8. HP: 43/55 MP: 0/0
  4459 | D:6      | Found Mycinne's Armour Shop.
  4485 | D:6      | Bought a +1 cloak of willpower for 214 gold pieces
  4724 | D:6      | Found Nolual's General Store.
  4742 | D:6      | Bought a potion of lignification for 36 gold pieces
  4742 | D:6      | Bought a potion of mutation for 96 gold pieces
  4742 | D:6      | Bought a scroll of identify for 24 gold pieces
  4743 | D:6      | Reached XP level 9. HP: 67/67 MP: 0/0
  4743 | D:6      | Learned a level 4 spell: Iskenderun's Mystic Blast
  4754 | D:6      | Found Symoki's Jewellery Shoppe.
  4813 | D:6      | Found Giocrer's Distillery.
  4874 | D:6      | Found Foapaeto's Distillery.
  5075 | D:7      | Reached ** piety under Makhleb
  5156 | D:7      | Reached XP level 10. HP: 71/73 MP: 0/0
  5723 | D:8      | Found Jasum Wereu's Changing Room.
  5743 | D:8      | Noticed Maurice
  5751 | D:8      | Killed Maurice
  5999 | D:8      | Found an opulent altar of Gozag.
  6025 | D:8      | Found a runed translucent door.
  6025 | D:8      | Found a shimmering altar of Xom.
  6025 | D:8      | Noticed AwFulAwFulPlayer's ghost (novice DsCK)
  6026 | D:8      | Noticed a +1 quarterstaff of chaos
  6062 | D:8      | Found Cinuy's Book Shop.
  6417 | D:9      | Found a flagged portal.
  6434 | Bailey   | Entered a bailey
  6463 | Bailey   | Reached skill level 1 in Invocations
  6539 | Bailey   | Reached *** piety under Makhleb
  6657 | Bailey   | Found a large runed translucent door.
  6657 | Bailey   | Found a large runed translucent door.
  6658 | Bailey   | Noticed a deep elf zephyrmancer
  6658 | Bailey   | Noticed an orc knight
  6660 | Bailey   | Found the +8 Vampire's Tooth {megavamp}
  6694 | Bailey   | Killed an orc knight
  6748 | Bailey   | Killed a deep elf zephyrmancer
  6822 | D:9      | Reached XP level 11. HP: 81/81 MP: 0/0
  6822 | D:9      | Learned a level 5 spell: Silence
  6823 | D:9      | Reached skill level 5 in Short Blades
  6823 | D:9      | Reached skill level 5 in Invocations
  6823 | D:9      | Reached XP level 12. HP: 88/88 MP: 0/0
  6857 | D:9      | Found a staircase to the Orcish Mines.
  7016 | D:9      | Reached XP level 13. HP: 87/93 MP: 0/0
  7016 | D:9      | Learned a level 5 spell: Agony
  7219 | D:9      | Found a sparkling altar of Nemelex Xobeh.
  7612 | D:10     | Entered Level 10 of the Dungeon
  7668 | D:10     | Reached **** piety under Makhleb
  7720 | D:10     | Reached skill level 10 in Spellcasting
  7790 | D:10     | Found a shadowy altar of Dithmenos.
  7985 | D:10     | Found a staircase to the Lair.
  7994 | D:10     | Reached skill level 10 in Dodging
  8461 | Lair:1   | Entered Level 1 of the Lair of Beasts
  9446 | Lair:2   | Found a staircase to the Swamp.
  9584 | Lair:2   | Identified the ring "Xaat" {+Blink rPois Int+2 Dex+3}
  9653 | Lair:2   | Reached ***** piety under Makhleb
  9759 | Lair:2   | Found a staircase to the Snake Pit.
 10799 | Lair:3   | Reached XP level 14. HP: 65/101 MP: 0/0
 11865 | Lair:4   | Reached skill level 10 in Fighting
 12549 | Lair:5   | Entered Level 5 of the Lair of Beasts
 13066 | Lair:5   | Reached XP level 15. HP: 96/108 MP: 0/0
 13066 | Lair:5   | Learned a level 6 spell: Simulacrum
 14370 | Lair:5   | Identified a scroll of acquirement
 14371 | Lair:5   | Acquired a manual of Shields
 14493 | Lair:5   | Reached ****** piety under Makhleb
 14570 | Lair:5   | Reached skill level 1 in Shields
 14690 | Lair:5   | Reached skill level 5 in Evocations
 14834 | Lair:5   | Found a runed translucent door.
 14835 | Lair:5   | Found a viscous altar of Jiyva.
 14835 | Lair:5   | Noticed an acid blob
 14837 | Lair:5   | Found a staircase to the Slime Pits.
 15157 | Lair:5   | Found a burning altar of Makhleb.
 15163 | Lair:5   | Found a gateway to Hell.
 15428 | Orc:1    | Entered Level 1 of the Orcish Mines
 15603 | Orc:1    | Found a runed translucent gate.
 15603 | Orc:1    | Found a runed translucent gate.
 15603 | Orc:1    | Found a runed translucent gate.
 15912 | Orc:1    | Noticed Runaock's ghost (journeyman DECj)
 15913 | Orc:1    | Noticed Piadonn's ghost (journeyman MiBe)
 15913 | Orc:1    | Noticed Piadonn's ghost (journeyman MiBe)
 15954 | Orc:2    | Entered Level 2 of the Orcish Mines
 15988 | Orc:2    | Found a staircase to the Elven Halls.
 15995 | Orc:2    | Noticed an orc warlord
 16088 | Orc:1    | Killed an orc warlord
 16776 | Orc:2    | Found Papnu's Antique Weapon Emporium.
 16867 | Orc:2    | Found Doleupaa's Armour Shop.
 16878 | Orc:2    | Bought the +1 leather armour of Resourcefulness {rC+ Regen+
                  | Int+2} for 352 gold pieces
 17063 | Orc:2    | Noticed an orc warlord
 17125 | Orc:2    | Killed an orc warlord
 17283 | Orc:2    | Found Culige's Antique Weapon Emporium.
 17287 | Orc:2    | Found Latyseim's Antique Armour Shoppe.
 17470 | Orc:2    | Bought an ancient helmet for 313 gold pieces
 17470 | Orc:2    | Identified the +1 helmet "Fampouc" {Regen+} (You bought it
                  | in a shop on level 2 of the Orcish Mines)
 17537 | Orc:2    | Bought a fine dagger for 196 gold pieces
 17537 | Orc:2    | Identified the +5 dagger of the Asp {flame, rPois Str+3}
                  | (You bought it in a shop on level 2 of the Orcish Mines)
 17624 | Orc:2    | Bought a twisted rapier for 207 gold pieces
 17624 | Orc:2    | Identified the +4 rapier of Ylia {vamp, +Blink} (You bought
                  | it in a shop on level 2 of the Orcish Mines)
 17662 | Orc:2    | Bought a +1 buckler of positive energy for 189 gold pieces
 17905 | D:3      | Killed qeuew's ghost
 18185 | D:11     | Found a frozen archway.
 18258 | IceCv    | Entered an ice cave
 18280 | IceCv    | Found a transporter.
 18287 | IceCv    | Found a transporter.
 19562 | D:12     | Reached skill level 1 in Ranged Weapons
 19680 | D:12     | Reached XP level 16. HP: 95/116 MP: 0/0
 19746 | D:12     | Noticed Gastronok
 19754 | D:12     | Killed Gastronok
 20138 | D:12     | Reached skill level 5 in Shields
 20184 | D:12     | Identified the ring of Gicroleo {rC+ AC+4 Str+4}
 20871 | D:13     | Found Nimosufo's Weapon Shoppe.
 21382 | D:14     | Found a gate to the Vaults.
 21906 | D:15     | Entered Level 15 of the Dungeon
 21919 | D:15     | Reached skill level 10 in Armour
 21943 | D:15     | Found a glowing silver altar of Zin.
 21943 | D:15     | Found Zin's Purification Station.
 22414 | D:15     | Found a staircase to the Depths.
 22789 | Snake:1  | Entered Level 1 of the Snake Pit
 22855 | Snake:1  | Noticed Kirke
 22881 | Snake:1  | Killed Kirke
 23023 | Snake:1  | Reached XP level 17. HP: 123/123 MP: 0/0
 23023 | Snake:1  | Learned a level 7 spell: Storm Form
 23253 | Snake:1  | Found a runed translucent door.
 23262 | Snake:1  | Noticed lesbiats's ghost (journeyman TrFi)
 23378 | Snake:1  | Killed lesbiats's ghost
 23739 | Snake:2  | Noticed Vashnia
 24270 | Snake:2  | Noticed Jorgrun
 24284 | Snake:1  | Killed Jorgrun
 24588 | Snake:2  | Identified the +2 robe of the Camelopard {rF+ Int+4}
 24605 | Snake:2  | Identified the +0 pair of gloves "Uhev Lun" {rF+ Str+3
                  | Int-2}
 25199 | Snake:2  | Killed Vashnia
 25580 | Snake:3  | Reached skill level 5 in Ranged Weapons
 25639 | Snake:3  | Found Haeruc's Magic Scroll Emporium.
 25739 | Snake:3  | Found a runed translucent gate.
 25740 | Snake:3  | Found a runed translucent gate.
 25741 | Snake:3  | Found a runed translucent gate.
 25741 | Snake:3  | Found the ring of the Hare {EV+10}
 25742 | Snake:3  | Noticed Epnykkedd's ghost (adept OpVM)
 25769 | Snake:3  | Identified the +8 halberd of Trog's Supremacy {heavy,
                  | rPois}
 26011 | Snake:3  | Reached XP level 18. HP: 129/130 MP: 0/0
 26505 | Snake:3  | Killed Epnykkedd's ghost
 26769 | Snake:4  | Entered Level 4 of the Snake Pit
 26920 | Snake:4  | Noticed Aizul
 26932 | Snake:4  | Killed Aizul
 27539 | Snake:4  | Reached skill level 10 in Shields
 28026 | Snake:4  | Got a serpentine rune of Zot
 28553 | Swamp:1  | Entered Level 1 of the Swamp
 28920 | Swamp:1  | Reached XP level 19. HP: 139/139 MP: 0/0
 28920 | Swamp:1  | Learned a level 7 spell: Haunt
 29417 | Swamp:1  | Reached skill level 15 in Spellcasting
 30025 | Swamp:2  | Noticed Mlioglotl
 30346 | Swamp:3  | Reached skill level 15 in Dodging
 30519 | Swamp:3  | Identified the +2 helmet "Elotop" {rPois rF+ rN+ Str-3}
 31218 | Swamp:4  | Entered Level 4 of the Swamp
 31342 | Swamp:4  | Reached skill level 5 in Stealth
 31426 | Swamp:4  | Found a runed translucent door.
 31430 | Swamp:4  | Noticed Kacaoki's ghost (adept MiBe)
 31439 | Swamp:4  | Identified the +7 spear of Vanity {pain, rF+ rN+ Dex+2}
 31779 | Swamp:4  | Got a decaying rune of Zot
 32418 | Orc:1    | Killed Piadonn's ghost
 32497 | Orc:1    | Killed Piadonn's ghost
 32528 | Orc:1    | Identified the ring "Cish" {rCorr Str-5 Dex+8 Slay+4}
 32553 | Orc:1    | Killed Runaock's ghost
 32782 | Lair:5   | Reached XP level 20. HP: 89/147 MP: 0/0
 32984 | Elf:1    | Entered Level 1 of the Elven Halls
 32986 | Elf:1    | Paralysed by an air elemental for 1 turns
 32988 | Elf:1    | Paralysed by an air elemental for 1 turns
 33024 | Elf:1    | Noticed Agnes
 33032 | Elf:1    | Killed Agnes
 33216 | Elf:1    | Paralysed by an air elemental for 1 turns
 34626 | Elf:2    | Found a runed translucent gate.
 34626 | Elf:2    | Found a runed translucent gate.
 34628 | Elf:2    | Found a runed translucent gate.
 34701 | Elf:2    | Found Deana's Antique Weapon Shop.
 35021 | Elf:3    | Entered Level 3 of the Elven Halls
 35233 | Elf:3    | Found Fistrovi's Weapon Shoppe.
 35411 | Elf:3    | Paralysed by an air elemental for 1 turns
 35660 | Elf:3    | Noticed an Ice Fiend
 35874 | Elf:3    | Identified the ring of Tiqyh {Fire *Slow Fly rN+}
 35884 | Elf:3    | Identified the +4 ring mail of Distant Shores {rPois rC+}
 35933 | Elf:3    | Reached skill level 15 in Fighting
 35977 | Elf:3    | Identified the +1 plate armour of Feasting {rPois rN+++
                  | rCorr Dex-4}
 36139 | Elf:3    | Reached XP level 21. HP: 93/155 MP: 0/0
 36139 | Elf:3    | Learned a level 7 spell: Orb of Destruction
 36184 | Elf:3    | Identified the +8 long sword of Internal Strife {elec,
                  | rPois Will+++ rCorr Int+2}
 36197 | Elf:3    | Identified the staff of death "Pilabieg" {*Slow rElec rN+
                  | Dex+5 SInv}
 36200 | Elf:3    | Identified the +10 morningstar of Purpose {vamp, Drain
                  | rPois rCorr Dex+4}
 36218 | Elf:3    | Identified the staff of fire "Ahaumo" {rF+ Str+5}
 36478 | Vaults:1 | Entered Level 1 of the Vaults
 36774 | Vaults:1 | Found Lausas's Magic Scroll Shop.
 36782 | Vaults:1 | Bought a scroll of teleportation for 36 gold pieces
 36782 | Vaults:1 | Bought a scroll of immolation for 48 gold pieces
 36782 | Vaults:1 | Bought a scroll of teleportation for 36 gold pieces
 36782 | Vaults:1 | Bought a scroll of teleportation for 36 gold pieces
 37997 | Vaults:2 | Found Ironeest's Magic Scroll Emporium.
 38033 | Vaults:2 | Bought a scroll of magic mapping for 105 gold pieces
 38071 | Vaults:2 | Found a magical portal.
 38083 | WizLab   | Entered Cigotuvi's Fleshworks
 38406 | WizLab   | Reached skill level 15 in Shields
 38681 | WizLab   | Paralysed by a floating eye for 2 turns
 38691 | WizLab   | Found the -2 hat of the Alchemist {rElec rPois rF+ rC+ rN+
                  | Will+ rMut rCorr}
 39137 | Vaults:2 | Reached XP level 22. HP: 131/162 MP: 0/0
 39796 | Vaults:2 | Identified the +9 plate armour of the Camelopard {*Slow rC+
                  | Regen+ Int+3}
 39885 | Vaults:2 | Found a staircase to the Crypt.
 40520 | Vaults:3 | Upgraded the game from 0.30-a0-1103-g25895a7845 to
                  | 0.30-a0-1112-gfb780f5df6
 41897 | Vaults:3 | You are sucked into a shaft and drop 1 floor!
 42290 | Vaults:4 | Found Yschy's Book Boutique.
 42710 | Vaults:4 | Reached XP level 23. HP: 128/171 MP: 0/0
 42710 | Vaults:4 | Learned a level 8 spell: Borgnjor's Revivification
 43489 | Crypt:1  | Entered Level 1 of the Crypt
 43490 | Crypt:1  | Acquired a manual of Armour
 43984 | Depths:1 | Entered Level 1 of the Depths
 44278 | Depths:1 | Found the +2 shield of Resistance {rF++ rC++ Will++}
 44365 | Depths:1 | Noticed Nikola
 44373 | Depths:1 | Killed Nikola
 44980 | Depths:2 | Found a one-way gate to the infinite horrors of the Abyss.
 44982 | Depths:2 | Noticed Louise
 44989 | Depths:2 | Killed Louise
 45241 | Depths:2 | Reached XP level 24. HP: 121/179 MP: 0/0
 45567 | Depths:2 | Found a one-way gateway to a ziggurat.
 45653 | Depths:2 | Found a one-way gate leading to the halls of Pandemonium.
 45726 | Depths:2 | Found a broken altar of Ashenzari.
 45845 | Depths:3 | Noticed a golden dragon
 45875 | Depths:3 | Killed a golden dragon
 45931 | Depths:3 | Identified the +7 hand axe "Giantbane" {freeze, Str+4}
 46294 | Depths:3 | Identified the +2 halberd of Xistynoq {flame, rC- Str+4
                  | Int+5}
 46550 | Depths:3 | Found a white marble altar of Elyvilon.
 46744 | Depths:3 | Reached skill level 10 in Short Blades
 46943 | Depths:3 | Identified the +1 scale mail "Utisein" {rC+ Slay+3}
 47140 | Depths:4 | Entered Level 4 of the Depths
 48356 | Depths:4 | Found Omuh's General Store.
 48364 | Depths:4 | Bought 3 scrolls of blinking for 270 gold pieces
 48364 | Depths:4 | Bought a scroll of butterflies for 48 gold pieces
 48364 | Depths:4 | Bought 3 potions of curing for 108 gold pieces
 48508 | Depths:4 | Noticed a golden dragon
 48526 | Depths:4 | Killed a golden dragon
 48531 | Depths:4 | Reached XP level 25. HP: 183/187 MP: 0/0
 48531 | Depths:4 | Learned a level 9 spell: Fire Storm
 48533 | Depths:4 | Found a gate to the Realm of Zot.
 48971 | D:8      | Killed AwFulAwFulPlayer's ghost
 49225 | Swamp:4  | Killed Kacaoki's ghost
 49234 | Swamp:4  | Identified the staff of conjuration "Esown" {rPois MP+9
                  | Str-2}
 49783 | Crypt:1  | Identified the ring "Xigampia" {Ice SInv}
 49783 | Crypt:1  | Noticed Josephina
 49924 | Vaults:5 | Entered Level 5 of the Vaults
 49977 | Vaults:5 | HP: 2/187 [deep elf high priest/divine providence (12)]
 50108 | Vaults:5 | Reached skill level 10 in Invocations
 50310 | Vaults:5 | Identified the amulet of Kolin {Spirit rF+}
 50554 | Vaults:5 | Identified the +4 trident of Inquiry {heavy, rC++ rN++
                  | Int-2}
 50717 | Vaults:5 | Identified the +0 ring mail "Ageych" {Rampage rElec Dex+3}
 50782 | Vaults:5 | Identified the +0 ring mail "Weberuts" {rF+ rN+++ Int+2
                  | Dex-3}
 50785 | Vaults:5 | Identified the ring of the Crushed Brambles {+Blink rN+
                  | Dex+4}
 50880 | Vaults:5 | Reached XP level 26. HP: 193/195 MP: 0/0
 50900 | Vaults:5 | Got a silver rune of Zot
 51068 | Vaults:5 | Identified the +0 scale mail of Awe {rC+ Slay+3 SInv}
 51112 | Vaults:5 | Identified the +7 short sword of Plunder {freeze, Int+2}
 51186 | Vaults:5 | Identified the +5 dire flail of Egoroph {vamp, rElec rPois
                  | Stlth+}
 51842 | Vaults:2 | Killed Josephina
 52398 | Crypt:1  | Identified the +0 great sword of the Inferno {freeze,
                  | Dex+2}
 53371 | Crypt:2  | Noticed Donald
 53376 | Crypt:2  | Killed Donald
 53574 | Crypt:3  | Entered Level 3 of the Crypt
 53946 | Crypt:3  | Reached skill level 15 in Armour
 54449 | Crypt:3  | Found a staircase to the Tomb.
 54764 | Crypt:3  | Found a basalt altar of Yredelemnul.
 55062 | Crypt:3  | Identified the +1 pair of boots "Neneklok" {Contam rElec
                  | rF+ rC+}
 55160 | Crypt:3  | Identified the +3 chain mail of Ifecsiak {Harm rElec Str-5}
 55307 | Crypt:3  | Reached XP level 27. HP: 202/202 MP: 0/0
 55307 | Crypt:3  | Learned a level 9 spell: Death's Door
 55335 | Crypt:3  | Identified the +2 ring mail "Deeqiasi" {Str+2}
 55560 | Vaults:1 | Bought a scroll of enchant armour for 90 gold pieces
 56110 | Depths:4 | Upgraded the game from 0.30-a0-1112-gfb780f5df6 to
                  | 0.30-a0-1114-gd936c97349
 56112 | Zot:1    | Entered Level 1 of the Realm of Zot
 56356 | Zot:1    | Noticed an orb of fire
 56372 | Zot:1    | Gained mutation: Your body sometimes deteriorates upon
                  | taking damage. [an orb of fire]
 56642 | Zot:1    | Found the +4 dragonskin cloak
 56642 | Zot:1    | Noticed Tiamat
 56693 | Zot:1    | HP: 1/202 [orb of fire/bolt of fire (14)]
 57081 | Tomb:1   | Entered Level 1 of the Tomb of the Ancients
 58543 | Tomb:1   | Identified the +0 cloak of the Skies Above {rElec rPois
                  | Will-}
 59048 | Depths:4 | Gained mutation: You are occasionally teleported next to
                  | monsters. [an orb of fire]
 59049 | Depths:4 | Killed an orb of fire
 59056 | Depths:4 | Lost mutation: You are occasionally teleported next to
                  | monsters. [potion of mutation]
 59056 | Depths:4 | Lost mutation: Your body sometimes deteriorates upon taking
                  | damage. [potion of mutation]
 59056 | Depths:4 | Gained mutation: Your spells are a little easier to cast,
                  | but a little less powerful. [potion of mutation]
 59056 | Depths:4 | Gained mutation: You have a pair of small horns on your
                  | head. [potion of mutation]
 59175 | Zot:1    | HP: 9/203 [yellow draconian annihilator/iron shot[Tiamat]
                  | (55)]
 59326 | Zot:1    | Killed Tiamat
 60321 | Zot:2    | Noticed an orb of fire
 60332 | Zot:2    | Killed an orb of fire
 60466 | Zot:2    | Identified the amulet of Qiet {RegenMP Regen+ MP+9}
 61997 | Zot:4    | Noticed an orb of fire
 62449 | Zot:5    | Entered Level 5 of the Realm of Zot
 63224 | Zot:5    | Noticed an ancient lich
 63232 | Zot:5    | Killed an ancient lich
 63255 | Zot:5    | Noticed an ancient lich
 63260 | Zot:5    | Killed an ancient lich
 63264 | Zot:5    | Noticed an orb of fire
 63269 | Zot:5    | Killed an orb of fire
 63274 | Zot:5    | Noticed a Killer Klown
 63283 | Zot:5    | Killed a Killer Klown
 63305 | Zot:5    | Noticed an orb of fire
 63309 | Zot:5    | Noticed a dread lich
 63310 | Zot:5    | Noticed an orb of fire
 63311 | Zot:5    | Killed an orb of fire
 63315 | Zot:5    | Killed a dread lich
 63318 | Zot:5    | Noticed an orb of fire
 63324 | Zot:5    | Noticed a Killer Klown
 63372 | Zot:5    | Killed a Killer Klown
 63456 | Zot:5    | Noticed a Killer Klown
 63457 | Zot:5    | Killed an orb of fire
 63465 | Zot:5    | Killed a Killer Klown
 63485 | Zot:5    | Noticed a dread lich
 63486 | Zot:5    | Noticed a Killer Klown
 63523 | Zot:5    | Killed a Killer Klown
 63572 | Zot:5    | Killed an orb of fire
 63612 | Zot:5    | Killed a dread lich
 63867 | Zot:5    | Noticed a Killer Klown
 63868 | Zot:5    | Noticed a Killer Klown
 63869 | Zot:5    | Noticed a Killer Klown
 63888 | Zot:5    | Killed a Killer Klown
 63895 | Zot:5    | Gained mutation: You are weak. (Str -2) [mutagenic glow]
 63896 | Zot:5    | Killed a Killer Klown
 63902 | Zot:5    | Killed a Killer Klown
 64127 | Zot:5    | Got the Orb of Zot
 64415 | D:12     | Noticed Vazxeack the pandemonium lord
 64754 | D:$      | Escaped with the Orb!

Illustrated notes

Levels and vault maps discovered:
D:1:      minmay_arrival_split_and_join, layout_loops_ring,
          chequers_serial_rivers_micro_c
D:2:      kennysheep_the_goblin_king, layout_basic, minmay_crystal_water
D:3:      layout_basic, palyth_temple_overflow_mages, gammafunk_ghost_arena,
          uniq_grinder
D:4:      layout_rooms, regret_index_temple_of_mockery,
          mainiacjoe_overflow_alcove_4, minmay_temple_entry_butterflies,
          minmay_misc_feat_room, minmay_misc_feat_diagonals,
          guppyfry_early_orc_mine
D:5:      layout_basic, kennysheep_generic_room_8
D:6:      layout_cave_pools, serial_shops, nicolae_shop_real_fake_doors,
          nicolae_shop_rolling_square, shop, shop, nicolae_shop_hallway_stairs
D:7:      layout_cave_pools, minmay_crystal_room, minmay_misc_feat_roman,
          corexii_hall_statues_t
D:8:      layout_basic, mainiacjoe_overflow_catwalk, serial_shops,
          shop_fountains, ebering_ghost_xom, nicolae_transmutations_shop,
          uniq_maurice
D:9:      layout_irregular_city, nemelex_spade_bored_becter, orc_0_dummy,
          enter_bailey_3, roderic_st_hans_cross
D:10:     layout_stronghold, mainiacjoe_overflow_24_doors,
          minmay_lair_entry_grove, unseen_surprise_small
D:11:     layout_basic, portal_ice_cave_demonic_guard
D:12:     minmay_the_grid_triangle_9x9_rhombus_thin
          [minmay_the_grid_triangle_9x9_minimal,
          minmay_the_grid_triangle_9x9_prize_top_heavy,
          minmay_the_grid_triangle_9x9_corruption,
          minmay_the_grid_triangle_9x9_sprig], layout_loops_ring, uniq_gastronok
D:13:     layout_irregular_city, serial_shops, nicolae_shop_waterfront
D:14:     layout_rooms, grunt_vaults_entry_tiered,
          nicolae_kite_square_tiling_tiny
D:15:     grunt_enter_depths_hoard, layout_rooms,
          hangedman_abyss_or_decor_stagger, zin_purify
Temple:   nicolae_temple_god_jail
Lair:1:   layout_regular_city, grunt_megastairs_3
Lair:2:   lemuel_reptile_caves, layout_layer_cave, swamp_mist_pool,
          minmay_snake_entry_guardpost_small, hangedman_lair_unloving_vines,
          beast_lair_carwin_8, infiniplex_staircase_pool_2
Lair:3:   layout_cave_shapes
Lair:4:   layout_layer_cave, grunt_megastairs_4
Lair:5:   evil_forest, layout_layer_cave, slime_entry_2, serial_bayou_ford_a
Swamp:1:  nicolae_swamp_standing_stones, layout_basic_swamp,
          hangedman_swamp_lotus, swamp_pool3
Swamp:2:  layout_basic_swamp, hangedman_swamp_ruin_hall, swamp_pool1,
          uniq_mlioglotl
Swamp:3:  layout_falls_marsh, evilmike_swamp_ruin_house_2, swamp_pool1
Swamp:4:  swamp_vile, layout_basic_swamp, ebering_ghost_funeral_grove,
          infiniplex_staircase_pool
Snake:1:  layout_honeycomb, hellmonk_ghost_happy_afterlife, drop_trap,
          uniq_kirke
Snake:2:  layout_misc_corridors, nicolae_snake_scaly_snakehead, uniq_vashnia,
          uniq_jorgrun
Snake:3:  layout_cave_town, gammafunk_ghost_necromancy, serial_shops,
          nicolae_shop_trees
Snake:4:  minmay_snake_end_coiled, layout_misc_corridors,
          nicolae_snake_round_shape_thing, uniq_aizul
Orc:1:    layout_caves, gammafunk_ghost_cemetery
Orc:2:    grunt_orc_community_town_hall, layout_diamond_mine,
          grunt_orc_community_big_house_1, grunt_orc_community_big_house_2,
          grunt_orc_community_house_1, grunt_orc_community_house_3,
          grunt_orc_community_house_1, grunt_orc_community_house_3
Elf:1:    eino_elf_arrival_shootout, layout_loops_corners,
          hangedman_elf_represent, uniq_agnes
Elf:2:    elven_hall_of_blades_hangedman_original
          [nicolae_blade_entry_antechamber], layout_rooms, serial_shops, shop,
          nicolae_elf_crossing_hall
Elf:3:    elf_hall_gauntlet_wide, layout_geoelf_octagon, serial_shops,
          nicolae_shop_tiny_glass
Vaults:1: vaults_dpeg_cross, vaults_dpeg_emergency_exit, hangedman_vaults_pinch,
          ontoclasm_vaults_decontamination, ontoclasm_vaults_ligature,
          vaults_standard_mumra_x, kb_rosetta, v_misc_17,
          hangedman_vaults_corner_blocks, layout_vaults_quadrants, serial_shops,
          shop
Vaults:2: infiniplex_enter_wizlab_glasses, hangedman_vaults_hat, v_misc_3,
          nicolae_vaults_big_ls, v_misc_28, v_rooms_5, vaults_room_door_hall,
          minmay_crypt_entry_simple_corners, vaults_room_fancy_cross, st_check,
          vaults_room_semicircle, nicolae_vaults_circle_grid_a,
          vaults_room_stairs_pillars, nicolae_vaults_ring_of_whatevers,
          vaults_room_pool, layout_vaults_omnibox, serial_shops,
          nicolae_shop_peninsula
Vaults:3: hangedman_vaults_maws, grunt_vaults_swirl, vaults_room_corners,
          nicolae_vaults_asterisk, vaults_dpeg_diagonal,
          nicolae_vaults_border_crossing, hangedman_vaults_trim,
          nicolae_vaults_shelves_hall, hangedman_vaults_corner_blocks,
          nicolae_vaults_angled_halls, vaults_mumra_chevron,
          vaults_room_door_hall, ontoclasm_vaults_gateway,
          layout_vaults_chaotic_city
Vaults:4: ontoclasm_vaults_fault, st_lines, ontoclasm_vaults_eye, v_misc_4,
          hangedman_vaults_stream, hangedman_vaults_slice,
          hangedman_vaults_stretched_pinwheel, nicolae_vaults_circle_grid_a,
          nicolae_vaults_hallways_thing, nicolae_vaults_theta,
          hangedman_vaults_trim, v_pattern_2, nicolae_vaults_angled_halls,
          nicolae_vaults_little_squares_6, nicolae_vaults_gold_heap,
          layout_vaults_maze_snakey, serial_shops, nicolae_shop_tiny_waterfront
Vaults:5: serial_shops
Crypt:1:  layout_chaotic_city, grunt_ministairs_14, grunt_crypt_arrival_webbed,
          uniq_josephina
Crypt:2:  layout_chaotic_city, roderic_lattice_octagonal_star, uniq_donald
Crypt:3:  church_of_pain_bobbens, layout_chaotic_city, tomb_entry_shell_bobbens
Tomb:1
Depths:1: layout_gridlike, minmay_holes, hellmouth_2, kennysheep_nub,
          kiku_gazebo_garden_becter, uniq_nikola
Depths:2: minmay_bubble_buster, layout_cave_pools, enter_ziggurat_f,
          rand_demon_pan_entry_8, grunt_hell_entry_dis_mu, minmay_misc_feat_iff,
          nicolae_abyss_entry_one_way_or_another, nicolae_ashenzari_skybound
Depths:3: minmay_strange_plus, layout_gridlike, minmay_room_of_horrors,
          hell_entry, elyvilon_altar_5, serial_shops, shop, minmay_multi_spiral,
          minmay_staircase_windowed_large
Depths:4: grunt_zot_entry_bicorn, layout_gridlike, serial_shops, shop_statue,
          hellmouth_1, abyss_entry, hangedman_abyss_or_decor_clamps
Zot:1:    layout_onion_interference, uniq_tiamat
Zot:2:    lemuel_firehouse, layout_onion
Zot:3:    layout_concentric_octagons
Zot:4:    lemuel_acid_trip, layout_onion_interference, st_stairs_6,
          nrook_zot_tub
Zot:5:    layout_gridlike, basic_altar

Skill      XL: |  1  2  3  4  5  6  7  8  9 10 11 12 13 14 15 16 17 18 19 20 21 22 23 24 25 26 27 |
---------------+----------------------------------------------------------------------------------+-----
Fighting       | 1 2 6 8 9 10 11 12 13 14 15 16 17 18 19 21 | 21.2
Stealth        | 2 3 4 5 7 |  7.0
Armour         | 1 2 6 7 8 9 10 11 13 14 15 16 | 16.0
Short Blades   | 1 2 3 5 6 7 8 9 10 11 12 | 12.0
Throwing       | 1 2 3 |  3.0
Spellcasting   | 3 4 7 9 10 11 12 13 14 15 16 17 18 19 20 23 | 23.1
Dodging        | 3 7 9 10 11 12 13 14 15 16 17 18 19 20 23 | 23.0
Evocations     | 1 2 3 4 6 7 8 |  8.0
Invocations    | 3 5 6 7 8 9 10 11 | 11.0
Shields        | 4 6 7 10 12 14 15 16 17 19 | 19.0
Ranged Weapons | 1 3 5 |  5.0

Action                     |  1- 3 |  4- 6 |  7- 9 | 10-12 | 13-15 | 16-18 | 19-21 | 22-24 | 25-27 || total
---------------------------+-------+-------+-------+-------+-------+-------+-------+-------+-------++-------
  Melee: Dagger            |    12 |     6 |     1 |       |       |       |       |       |       ||    19
         Punch             |       |     1 |       |       |     2 |       |       |       |     3 ||     6
         Quick blade       |       |       |       |       |    51 |   203 |   504 |   928 |  1137 ||  2823
         Unarmed           |       |       |       |       |       |     8 |    20 |    29 |    30 ||    87
         Rapier            |       |       |       |       |       |       |       |       |   137 ||   137
         Headbutt          |       |       |       |       |       |       |       |       |   180 ||   180
  Throw: Dart              |       |       |       |       |    22 |     6 |       |     3 |       ||    31
         Javelin           |       |       |       |       |     3 |     7 |       |       |       ||    10
   Cast: Foxfire           |    60 |    52 |   164 |   150 |   740 |   245 |   109 |    20 |       ||  1540
         Scorch            |       |    12 |    25 |    49 |   567 |   512 |   337 |   157 |    38 ||  1697
         Frozen Ramparts   |       |       |       |     2 |    76 |    97 |    34 |    60 |    57 ||   326
         Momentum Strike   |       |       |       |     1 |    19 |    18 |     1 |     1 |     3 ||    43
         Flame Wave        |       |       |       |     2 |     9 |    11 |    21 |    15 |    66 ||   124
         Agony             |       |       |       |       |     2 |     4 |     2 |     5 |    16 ||    29
         Volatile Blastmot |       |       |       |       |     3 |       |       |       |       ||     3
         Inner Flame       |       |       |       |       |     7 |     2 |       |     3 |     4 ||    16
         Simulacrum        |       |       |       |       |    26 |   138 |   250 |   285 |   314 ||  1013
         Iskenderun's Myst |       |       |       |       |     5 |     9 |       |       |    61 ||    75
         Silence           |       |       |       |       |       |     1 |       |       |       ||     1
         Storm Form        |       |       |       |       |       |     1 |     4 |     2 |     2 ||     9
         Haunt             |       |       |       |       |       |       |    50 |    37 |    51 ||   138
         Orb of Destructio |       |       |       |       |       |       |       |    46 |   401 ||   447
         Fire Storm        |       |       |       |       |       |       |       |       |     3 ||     3
         Death's Door      |       |       |       |       |       |       |       |       |     2 ||     2
Ability: End Transformatio |       |       |       |       |       |       |     1 |     1 |     1 ||     3
  Evoke: Lightning rod     |       |       |       |       |     4 |    10 |       |       |     1 ||    15
         Wand              |       |       |       |       |     1 |     3 |     1 |     1 |    22 ||    28
         Box of beasts     |       |       |       |       |     1 |     1 |       |     1 |     1 ||     4
         Tin of tremorston |       |       |       |       |       |       |       |     1 |       ||     1
         Phial of floods   |       |       |       |       |       |       |       |       |     1 ||     1
         Phantom mirror    |       |       |       |       |       |       |       |       |     1 ||     1
    Use: Scroll            |       |     2 |    10 |    10 |    12 |     8 |     7 |     3 |    23 ||    75
         Potion            |       |     1 |     1 |     4 |     4 |     2 |     3 |     5 |    16 ||    36
   Stab: Sleeping          |       |       |       |       |     1 |       |     4 |     1 |     4 ||    10
         Distracted        |       |       |       |       |       |     1 |     2 |     8 |    14 ||    25
 Armour: Robe              |     2 |     5 |     5 |     5 |    67 |       |       |       |       ||    84
         Leather armour    |       |       |     1 |       |    14 |   104 |   141 |   141 |   199 ||   600
         Troll leather arm |       |       |       |       |     6 |       |       |       |       ||     6
         Skin              |       |       |       |       |       |    18 |     2 |    10 |     4 ||    34
  Dodge: Dodged            |    11 |     5 |    12 |    21 |   264 |   366 |   431 |   641 |  1117 ||  2868
  Block: Buckler           |       |       |       |       |    41 |   312 |    77 |       |       ||   430
         Reflection        |       |       |       |       |    13 |    45 |    46 |    31 |    21 ||   156
         Other             |       |       |       |       |    10 |     3 |       |       |       ||    13
         Kite shield       |       |       |       |       |       |       |   367 |   605 |  1017 ||  1989

Table legend: (Time is in decaauts)
 A = Elapsed time spent in this place.
 B = Non-inter-level travel time spent in this place.
 C = Inter-level travel time spent in this place.
 D = Time resting spent in this place.
 E = Time spent auto-exploring this place.
 F = Levels seen in this place.
 G = Mean time per level.
                   A        B        C        D        E       F      G
               +--------+--------+--------+--------+--------+-----+--------+
         Total |  63005 |  54778 |   8227 |   3484 |  30668 |  55 | 1145.5 |
       Dungeon |  14798 |  12292 |   2506 |    319 |   8957 |  15 |  986.5 |
        Temple |     62 |     49 |     13 |      0 |     31 |   1 |   62.0 |
          Lair |   7667 |   6451 |   1216 |    353 |   4679 |   5 | 1533.4 |
         Swamp |   3243 |   2889 |    354 |     37 |   1762 |   4 |  810.8 |
     Snake Pit |   5537 |   4903 |    634 |    561 |   1883 |   4 | 1384.2 |
  Orcish Mines |   2637 |   2187 |    450 |     54 |   1148 |   2 | 1318.5 |
   Elven Halls |   3235 |   3051 |    184 |    241 |   1652 |   3 | 1078.3 |
        Vaults |   8633 |   7508 |   1125 |    509 |   3672 |   5 | 1726.6 |
         Crypt |   3699 |   3202 |    497 |    252 |   1658 |   3 | 1233.0 |
          Tomb |   1560 |   1383 |    177 |    458 |    454 |   1 | 1560.0 |
        Depths |   5465 |   4636 |    829 |    346 |   2446 |   4 | 1366.2 |
           Zot |   5282 |   5046 |    236 |    283 |   2099 |   5 | 1056.4 |
        Bailey |    365 |    365 |      0 |      3 |    100 |   1 |  365.0 |
      Ice Cave |     43 |     43 |      0 |      2 |      0 |   1 |   43.0 |
        Wizlab |    772 |    772 |      0 |     64 |    127 |   1 |  772.0 |
               +--------+--------+--------+--------+--------+-----+--------+

Top non-repeatable levels by time:
Vaults:2: 2584 daAuts
  Lair:4: 2311 daAuts
Depths:4: 1774 daAuts
Depths:3: 1755 daAuts
  Lair:2: 1683 daAuts
   Orc:2: 1628 daAuts
Vaults:1: 1606 daAuts
Vaults:3: 1581 daAuts
  Lair:5: 1578 daAuts
 Crypt:3: 1574 daAuts
   Zot:5: 1570 daAuts
  Tomb:1: 1560 daAuts
Vaults:5: 1558 daAuts
 Snake:3: 1546 daAuts
 Snake:2: 1506 daAuts
